 Dungeon Crawl Stone Soup version 0.24-a0-307-gf989941 (webtiles) character file.

Game seed: 13016911274469548049

249 mhoghedin the Insei (level 5, -2/41 HPs)
             Began as a Demigod Transmuter on May 13, 2019.
             Slain by a hound (5 damage)
             ... on level 4 of the Dungeon.
             The game lasted 00:07:58 (3430 turns).

mhoghedin the Insei (Demigod Transmuter)            Turns: 3430, Time: 00:07:59

Health: -2/41      AC:  2    Str: 15    XL:     5   Next: 56%
Magic:  3/10       EV: 13    Int: 17    God:
Gold:   326        SH:  0    Dex: 16    Spells: 4/7 levels left

rFire    + + .     SeeInvis .     - Unarmed
rCold    + . .     Gourm    .   (no shield)
rNeg     . . .     Faith    .   b - +0 robe
rPois    .         Spirit   .   (no helmet)
rElec    .         Reflect  .   u - scarf {rC+ rF+}
rCorr    .         Harm     .   (no gloves)
MR       .....                  (boots currently unavailable)
Stlth    +.........             (no amulet)
HPRegen  0.13/turn              g - ring of protection from fire {rF+, !d}
MPRegen  0.12/turn              (no ring)

@: appendage
A: talons 3, high mp 1
a: End Transformation


You were on level 4 of the Dungeon.
You were not hungry.
You had grown temporary talons.
You visited 1 branch of the dungeon, and saw 4 of its levels.

You collected 326 gold pieces.

Inventory:

Missiles
 a - 39 arrows
Armour
 b - a +0 robe (worn)
 f - a +1 cloak of magic resistance
   (You found it on level 1 of the Dungeon)
 u - a scarf of resistance (worn)
   (You found it on level 2 of the Dungeon)
Jewellery
 g - a ring of protection from fire (left hand) {rF+, !d}
   (You found it on level 1 of the Dungeon)
Scrolls
 e - a scroll of noise {unknown}
 i - 2 scrolls of enchant weapon {unknown}
 j - a scroll of identify
 l - a scroll of random uselessness {unknown}
 o - a scroll of amnesia {unknown}
 p - 4 scrolls of fear {unknown}
 q - a scroll of fog {unknown}
 s - a scroll of immolation {unknown}
 t - a scroll of remove curse {unknown}
Potions
 h - 2 potions of curing
 k - 2 potions of cancellation {unknown}
 m - 2 potions of might
 n - a potion of lignification {unknown}
 r - a potion of brilliance {unknown}
 v - a potion of ambrosia {unknown}
Comestibles
 d - 3 rations


   Skills:
 - Level 2.2 Fighting
 - Level 2.5 Dodging
 + Level 4.7 Unarmed Combat
 - Level 1.7 Spellcasting
 - Level 3.0 Transmutations


You had 4 spell levels left.
You knew the following spells:

 Your Spells              Type           Power        Failure   Level  Hunger
a - Beastly Appendage     Tmut           ##....       6%          1    #......
s - Sticks to Snakes      Tmut           ##......     9%          2    ###....

Your spell library contained the following spells:

 Spells                   Type           Power        Failure   Level  Hunger
 Animate Skeleton         Necr           N/A          21%         1    #......
 Apportation              Tloc           #.....       21%         1    #......
 Confusing Touch          Hex            #.....       21%         1    #......
 Summon Small Mammal      Summ           #...         21%         1    #......
 Spider Form              Tmut/Pois      #.........   32%         3    ###....
 Ice Form                 Ice/Tmut       #.......     71%         4    #####..
 Blade Hands              Tmut           ##........   85%         5    ######.


Dungeon Overview and Level Annotations

Branches:
Dungeon (4/15)
 Temple: D:4-7


Innate Abilities, Weirdness & Mutations

You have an increased reservoir of magic. (+10% MP)
You have claws for feet.


Message History

An orc and an ogre come into view.
The ogre shouts!
The orc shouts!
You hear a shout!
An ooze comes into view.
The quokka barely misses you.
An orc wizard comes into view. It is wielding a +0 dagger.
The ogre moves out of view.
The ooze quivers.
You hit the quokka. You claw the quokka.
You kill the quokka!
An orc comes into view. It is wielding a +0 short sword.
The ooze jiggles.
The orc wizard mumbles some strange words.
The orc wizard blinks!
There is an open door here.
You aren't carrying any items that you can evoke.
MP restored: 10 Your transformation is almost over.
There is an open door here.
You create a snake!
You now have 42 arrows.
You now have 8/10 mp.
Your ball python bites the orc.
Your ball python grabs the orc.
Your ball python constricts the orc.
Casting: Sticks to Snakes (safe; 9% risk of failure)
You create a snake!
You now have 41 arrows.
The orc hits you.
Your ball python bites the orc.
Your ball python constricts the orc.
You take 4 damage, and have 28/41 hp.
You now have 6/10 mp.
Unknown command.
Casting: Sticks to Snakes (safe; 9% risk of failure)
You create a snake!
You now have 40 arrows.
The ogre hits your ball python with a +0 giant club.
Your ball python barely misses the ogre.
Your ball python constricts the orc.
The ooze hits your ball python. The orc hits your ball python.
Your ball python dies!
The orc shouts!
You now have 4/10 mp.
Your ball python bites the orc.
The orc dies!
Your ball python bites the ooze.
Casting: Sticks to Snakes (safe; 9% risk of failure)
You create a snake!
You now have 39 arrows.
Your ball python bites the ooze but does no damage.
You now have 2/10 mp.
Your talons disappear.
The orc wizard mumbles some strange words.
The orc wizard blinks!
Your ball python bites the ogre.
The ooze barely misses your ball python.
Your ball python bites the ooze.
There is an open door, spattered with blood here.
Your ball python bites the ogre but does no damage.
Your ball python bites the ooze.
Your ball python bites the ogre.
The ooze hits your ball python.
Your ball python bites the ooze.
The orc barely misses your ball python.
Your ball python bites the ooze.
Casting: Sticks to Snakes (safe; 9% risk of failure)
Your feet morph into talons.
Your ball python bites the ooze.
The ogre misses you.
Your ball python bites the ooze.
The orc wizard casts a spell.
The orc wizard seems to speed up.
The ooze barely misses your ball python.
Your ball python bites the ooze but does no damage.
The orc hits your ball python with a +0 short sword.
Your ball python bites the ooze.
You now have 2/10 mp.
You hit the ogre.
Your ball python bites the ooze.
The ooze hits your ball python.
Your ball python dies!
The ogre barely misses you.
Your ball python barely misses the ooze.
Your ball python bites the ooze.
The ooze dies!
What are your orders? t - Shout!
Orders for allies: a - Attack new target. r - Retreat! s - Stop attacking. g - Guard the area. f - Follow me.
Anything else - Cancel.
Gang up on whom?
Aim: an ogre, wielding a +0 giant club (lightly wounded) Attack!
The orc wizard casts a spell.
The orc wizard blinks!
The ogre misses you.
You barely miss the ogre. Your kick misses the ogre.
Your ball python bites the ogre.
The orc hits your ball python with a +0 short sword.
Your ball python dies!
You punch the ogre!
Your ball python completely misses the ogre.
The ogre hits you with a +0 giant club!!
Ouch! That really hurt!
* * * LOW HITPOINT WARNING * * *
You take 27 damage, and have 2/41 hp.
MASSIVE DAMAGE!!
Your ball python closely misses the ogre.
There is an open door here.
Okay, then.
Unknown command.
A hound comes into view.
The orc wizard closely misses your ball python.
Your ball python bites the ogre.
The hound bites you.
You die...

#.....#........#
#.....###.######### #.........#
##....## #....###..###......##
###.......##..#..#..#+#
###......('...##...#.#
..........'...##...#.#.. # # ..
........†##..#).#.o'.#.... ....
..........##.h@.OS##.#....#....
........#..##....###.# .o#o#..
........##..###### #.# .....
.........##.....####o### .O.
.........######.#..o[..# #.#
.........# #..o.$.# #'####
#####.##.# #..##..###O...# #.
.# #..##..##o$#$.# #. .#
#......#..#$#..


You could see an ogre, a hound, an orc wizard and a friendly ball python.

Vanquished Creatures
  2 orc priests
  An orc wizard (D:4)
  2 adders
  An ooze (D:4)
  5 dart slugs
  2 leopard geckos
  15 orcs
  2 ball pythons
  6 bats
  4 giant cockroaches
  5 goblins
  5 hobgoblins
  A jackal (D:4)
  3 quokkas
  14 frilled lizards
  5 kobolds
  5 rats
78 creatures vanquished.

Vanquished Creatures (collateral kills)
  An orc priest (D:3)
  A worker ant (D:4)
  An ooze (D:4)
  2 orcs
5 creatures vanquished.

Grand Total: 83 creatures vanquished

Notes
Turn   | Place    | Note
-------+----------+-------------------------------------------
     0 | D:1      | mhoghedin the Demigod Transmuter began the quest for the
                  | Orb.
     0 | D:1      | Reached XP level 1. HP: 15/15 MP: 5/5
    60 | D:1      | Reached skill level 2 in Transmutations
   267 | D:1      | Reached XP level 2. HP: 19/22 MP: 7/7
   414 | D:1      | Reached skill level 3 in Transmutations
   419 | D:1      | Learned a level 2 spell: Sticks to Snakes
   490 | D:1      | Reached skill level 1 in Fighting
   840 | D:2      | Reached XP level 3. HP: 28/28 MP: 8/8
   895 | D:2      | Reached skill level 2 in Dodging
  1025 | D:2      | Found a basalt altar of Yredelemnul.
  1145 | D:2      | Found a sparkling altar of Nemelex Xobeh.
  1220 | D:2      | Reached skill level 3 in Unarmed Combat
  1769 | D:3      | Reached XP level 4. HP: 22/36 MP: 9/9
  1780 | D:3      | HP: 7/36 [orc/+0 flail (3)]
  1788 | D:3      | HP: 7/36 [orc/+0 flail (3)]
  2051 | D:3      | Found a stormy altar of Qazlal.
  2275 | D:3      | Reached skill level 2 in Fighting
  2808 | D:4      | Reached XP level 5. HP: 24/41 MP: 6/10
  3045 | D:4      | Reached skill level 4 in Unarmed Combat
  3399 | D:4      | Noticed an ogre
  3423 | D:4      | HP: 2/41 [ogre/+0 giant club (27)]
  3430 | D:4      | Slain by a hound

Levels and vault maps discovered:
D:1:      giann_wishing_wells, layout_loops_ring, minivault_4
D:2:      layout_loops_ring, lemuel_crystal_altar,
          nemelex_xobeh_ov_fountains_minmay, serial_rivers,
          chequers_serial_rivers_room_a, chequers_serial_rivers_room_b,
          chequers_serial_rivers_micro_c, chequers_serial_rivers_large_a,
          chequers_serial_rivers_small_a
D:3:      layout_basic, overflow_temple_1_default, minmay_puff
D:4:      minmay_polygon_palace, layout_basic,
          grunt_temple_overflow_gold_and_silver, lemuel_doored_altar,
          vehumet_statue, tgw_xom

Skill      XL: |  1  2  3  4  5 |
---------------+----------------+-----
Transmutations | 2 3 |  3.0
Fighting       | 1 2 |  2.2
Dodging        | 2 |  2.5
Unarmed Combat | 3 4 |  4.7
Spellcasting   | |  1.7

Action                   |  1- 3 |  4- 6 || total
-------------------------+-------+-------++-------
Melee: Unarmed           |    23 |    84 ||   107
       Club              |     9 |       ||     9
       Kick              |    16 |    17 ||    33
       Headbutt          |     7 |     5 ||    12
       Mace              |    98 |    11 ||   109
       Punch             |     2 |     3 ||     5
 Cast: Beastly Appendage |    34 |    21 ||    55
       Sticks to Snakes  |       |     9 ||     9
  Use: Scroll            |     3 |       ||     3
       Potion            |       |     1 ||     1
  Eat: Chunk             |     3 |     1 ||     4
       Ration            |     1 |     1 ||     2
Armor: Robe              |    49 |    12 ||    61
Dodge: Dodged            |   128 |    60 ||   188

Table legend:
 A = Non-vault XP
 B = Vault XP
 C = Vault XP percentage of total XP
 D = Non-vault monster count
 E = Vault monster count
 F = Vault count percentage of total count
                 A         B        C        D         E       F
            +---------+---------+-------+---------+---------+-------
      Total |     294 |      63 |  17.6 |      74 |       9 |  10.8
            +---------+---------+-------+---------+---------+-------
        D:1 |      43 |       0 |   0.0 |      26 |       0 |   0.0
        D:2 |      45 |       0 |   0.0 |      19 |       0 |   0.0
        D:3 |     102 |       5 |   4.7 |      16 |       2 |  11.1
        D:4 |     104 |      58 |  35.8 |      13 |       7 |  35.0
            +---------+---------+-------+---------+---------+-------

Levels and vault maps discovered:
D:1:      giann_wishing_wells, layout_loops_ring, minivault_4
D:2:      layout_loops_ring, lemuel_crystal_altar,
          nemelex_xobeh_ov_fountains_minmay, serial_rivers,
          chequers_serial_rivers_room_a, chequers_serial_rivers_room_b,
          chequers_serial_rivers_micro_c, chequers_serial_rivers_large_a,
          chequers_serial_rivers_small_a
D:3:      layout_basic, overflow_temple_1_default, minmay_puff
D:4:      minmay_polygon_palace, layout_basic,
          grunt_temple_overflow_gold_and_silver, lemuel_doored_altar,
          vehumet_statue, tgw_xom

Table legend:
 A = Turns spent in this place as a percentage of turns spent in the entire game.
 B = Non-inter-level travel turns spent in this place as a percentage of non-inter-level travel turns spent in the entire game.
 C = Inter-level travel turns spent in this place as a percentage of turns spent in this place.
 D = Turns resting spent in this place as a percentage of non-inter-level travel turns spent in this place.
 E = Turns spent auto-exploring this place as a percentage of non-inter-level travel turns spent in this place.
 F = Non-inter-level travel turns spent in this place divided by the number of levels of this place that you've seen.
                   A       B       C       D       E      F
               +-------+-------+-------+-------+-------+----------------------
         Total | 100.0 | 100.0 |   2.2 |  25.1 |  52.9 | 838.8
       Dungeon | 100.0 | 100.0 |   2.2 |  25.1 |  52.9 | 838.8
               +-------+-------+-------+-------+-------+----------------------

Table legend:
 A = Kills in this place as a percentage of kills in entire the game.
 B = Kills by you in this place as a percentage of kills by you in the entire game.
 C = Kills by friends in this place as a percentage of kills by friends in the entire game.
 D = Other kills in this place as a percentage of other kills in the entire game.
 E = Experience gained in this place as a percentage of experience gained in the entire game.
 F = Experience gained in this place divided by the number of levels of this place that you have seen.
                   A       B       C       D       E      F
               +-------+-------+-------+-------+-------+----------------------
         Total | 100.0 | 100.0 | 100.0 |   N/A | 100.0 |  89.2
       Dungeon | 100.0 | 100.0 | 100.0 |   N/A | 100.0 |  89.2
               +-------+-------+-------+-------+-------+----------------------
